Description

Nerchio used this build at Blizzcon against TY. Unfortunately, it doesn't really work out because TY remains active on the map to see the drop AND has a good mix of Hellbats and Tanks to counter it.

Load up and look to drop on top of the Tanks at 8:00 to catch the Terran in transition if they are greedy.

Check out the video where he discusses the build with PiG.

VOD

https://www.youtube.com/watch?v=gk0_x6X4ryc

Replay - Nerchio v TYTY: Game 2 - New Gettysburg LE

Build Order

Get SALT Encoding   

  12  0:00  Drone  
  13  0:13  Overlord  
  13  0:18  Drone  
  14  0:31  Drone x3  
  17  0:52  Hatchery  
  17  0:56  Drone x2  
  18  1:07  Extractor  
  17  1:16  Spawning Pool  
  16  1:19  Drone x2  
  18  1:29  Drone  
  19  1:39  Overlord  
  19  1:50  Drone  
  20  2:02  Queen  
  20  2:03  Zergling x2  Scout
  20  2:04  Queen  
  20  2:06  Zergling x2  
  26  2:11  Metabolic Boost  
  26  2:16  Drone x5  
  30  2:43  Queen x2  
  33  2:50  Overlord x2  
  35  3:08  Drone x9  
  44  3:24  Drone x3  
  47  3:34  Hatchery  
  47  3:36  Drone  
  47  3:41  Roach Warren  
  47  3:46  Drone x3  
  49  3:50  Overlord x2  
  49  3:51  Extractor  
  48  3:59  Drone x3  
  51  4:10  Drone x4  
  55  4:24  Evolution Chamber  
  55  4:28  Roach x6  
  66  4:36  Overlord  
  66  4:37  Roach  
  68  4:40  Lair  
  67  4:50  Drone x5  
  68  5:00  Spore Crawler  
  68  5:01  Drone x3  
  70  5:07  Drone x7  
  70  5:13  Extractor  
  76  5:14  Drone x2  
  76  5:16  Hatchery  
  76  5:18  Overlord x2  
  76  5:21  Drone x3  
  79  5:26  Zerg Missile Weapons Level 1  
  80  5:28  Overlord x2  
  80  5:35  Extractor x2  
  80  5:37  Drone x4  
  80  5:40  Glial Reconstitution  
  82  5:45  Roach x4  
  90  5:50  Overlord  
  90  5:54  Drone x4  
  94  5:58  Pneumatized Carapace  
  94  6:00  Overlord x3  
  94  6:09  Ravager x2  
  94  6:10  Roach x7  
  102  6:25  Roach x6  
  100  6:36  Roach x6  
  110  6:43  Overlord  
  110  6:46  Overlord, Roach x4  
  116  6:52  Extractor  
  121  6:55  Roach x4  
  127  7:02  Overlord  
  127  7:06  Roach x4  
  135  7:13  Roach x4  
  143  7:17  Roach x3  
  143  7:20  Overlord x2  move out Overlords to load up
  141  7:36  Roach x9  
Spawning Tool Build Advisor. Get it on Overwolf

Analysis

Nerchio opens Hatch Gas Pool, and this was on New Gettysburg, which doesn't have any many threats for drops. He is ready for the Marine Mine drop around 5:00 with Roaches and looks to take advantage of a timing where TY is greedy in taking a 3rd base in the mid-game.

He also doesn't build too many Queens since it is an all-in.

Go to:

Details

  • Created by: StoicLoofah
  • Published on: Dec 22, 2016
  • Modified on: Dec 22, 2016
  • Patch: Pre-3.8.0
Show
View Real Time Build Order
Export as new Build Order

Comments (0)

There are no comments. Be the first!

Create an account to comment!